 Dungeon Crawl Stone Soup version 0.26-a0-660-gc07710193c (webtiles) character file.

Game seed: 9304231307075471936

84 jiml777 the Grasshopper (level 4, 0/38 HPs)
             Began as a Gnoll Warper on Oct 7, 2020.
             Slain by a worm (4 damage)
             ... on level 2 of the Dungeon.
             The game lasted 00:05:08 (2468 turns).

jiml777 the Grasshopper (Gnoll Warper)              Turns: 2468, Time: 00:05:08

Health: 0/38       AC:  9    Str: 13    XL:     4   Next: 45%
Magic:  11/11      EV:  7    Int: 16    God:
Gold:   96         SH:  4    Dex: 15    Spells: 13/13 levels left

rFire    . . .     SeeInvis .   a - +0 spear
rCold    . . .     Faith    .   q - +0 buckler
rNeg     . . .     Spirit   .   p - +0 chain mail
rPois    .         Reflect  .   (no helmet)
rElec    .         Harm     .   (no cloak)
rCorr    .         Rampage  .   (no gloves)
MR       .....                  (no boots)
Stlth    ..........             (no amulet)
HPRegen  0.12/turn              (no ring)
MPRegen  0.12/turn              (no ring)

@: no status effects
A: distributed training, fangs 1, strong nose
a: no special abilities


You were on level 2 of the Dungeon.
You visited 1 branch of the dungeon, and saw 3 of its levels.

You collected 96 gold pieces.

Inventory:

Hand Weapons
 a - a +0 spear (weapon)
Missiles
 e - 5 boomerangs of dispersal (quivered)
 f - 32 arrows
 t - 16 sling bullets
Armour
 b - a +0 leather armour
 p - a +0 chain mail (worn)
 q - a +0 buckler (worn)
Jewellery
 n - an uncursed amulet of faith
Scrolls
 d - a scroll of blinking
 h - 2 scrolls of fear {unknown}
 i - a scroll of enchant armour {unknown}
 k - 2 scrolls of remove curse {unknown}
 l - 2 scrolls of teleportation {unknown}
 m - a scroll of enchant weapon {unknown}
 r - a scroll of immolation {unknown}
 s - 2 scrolls of identify {unknown}
 u - a scroll of magic mapping {unknown}
Potions
 c - a potion of flight {unknown}
 g - 2 potions of stabbing {unknown}
 j - 2 potions of haste {unknown}
 o - a potion of degeneration {unknown}
 v - a potion of mutation {unknown}
 w - a potion of curing {unknown}
 x - a potion of heal wounds {unknown}
 z - a potion of invisibility {unknown}


   Skills:
 + Level 4.6 Fighting
 + Level 1.1 Short Blades
 + Level 1.1 Long Blades
 + Level 1.1 Axes
 + Level 1.1 Maces & Flails
 + Level 4.6 Polearms
 + Level 1.1 Staves
 + Level 1.1 Slings
 + Level 1.1 Bows
 + Level 1.1 Crossbows
 + Level 2.7 Throwing
 + Level 2.7 Armour
 + Level 4.6 Dodging
 + Level 1.1 Stealth
 + Level 1.1 Shields
 + Level 1.1 Unarmed Combat
 + Level 5.1 Spellcasting
 + Level 0.9 Conjurations
 + Level 0.9 Hexes
 + Level 0.9 Summonings
 + Level 0.9 Necromancy
 + Level 5.4 Translocations
 + Level 0.9 Transmutations
 + Level 0.9 Fire Magic
 + Level 0.9 Ice Magic
 + Level 0.9 Air Magic
 + Level 0.9 Earth Magic
 + Level 0.9 Poison Magic
 + Level 1.2 Invocations
 + Level 1.1 Evocations


You had 13 spell levels left.
You didn't know any spells.
Your spell library contained the following spells:

 Spells                   Type           Power        Failure   Level
 Blink                    Tloc           N/A          71%         2
 Gell's Gravitas          Tloc           ###.......   91%         3
 Lesser Beckoning         Tloc           ###.......   91%         3
 Teleport Other           Tloc           ###.....     91%         3
 Passage of Golubria      Tloc           N/A          100%        4


Dungeon Overview and Level Annotations

Branches:
Dungeon (3/15)

Altars:


Innate Abilities, Weirdness & Mutations

Your experience applies equally to all skills.
You have very sharp teeth.
Your uncanny sense of smell can sniff out nearby items.


Message History

The adder bites you but does no damage.
You barely miss the adder.
The adder is severely wounded.
The adder bites you but does no damage.
You hit the adder.
You kill the adder!
Your chain mail prevents you from hitting the worm.
You hit the worm but do no damage. The worm bites you!
* * * LOW HITPOINT WARNING * * *
You hit the worm.
The worm is lightly wounded.
You hit the worm but do no damage. You bite the worm, but do no damage.
The worm is lightly wounded.
The worm bites you but does no damage.
You hit the worm. You bite the worm.
The worm is moderately wounded.
You hit the worm.
The worm is moderately wounded.
The worm bites you.
You die...

#.# #... ###.# ###. #...#
########## #. #...#
#........# #.
#...####.######.# ##.
########........# #.###..
#...........##### #.....#
#.######..#w# #......
#.#.......#@##########.#####
#.#..................#.#
#.#..####......#####...#####
#.#..####...................
#.#..##...#.#..#####...#####
#.#.......#.#..#####...###
#.#..##.#.#.#............###
#.#.....#.#.#.#####.....รท...
#.#.....#.#.#.# #...##.###


You could see a worm.

Vanquished Creatures
  3 adders (D:2)
  3 dart slugs
  2 leopard geckos (D:1)
  An orc (D:3)
  2 ball pythons
  3 giant cockroaches
  8 goblins
  6 hobgoblins
  2 jackals (D:1)
  3 kobolds (D:1)
  A quokka (D:2)
  A bat (D:1)
  4 frilled lizards
  6 rats
45 creatures vanquished.

Notes
Turn   | Place    | Note
-------+----------+-------------------------------------------
     0 | D:1      | jiml777 the Gnoll Warper began the quest for the Orb.
     0 | D:1      | Reached XP level 1. HP: 20/20 MP: 6/6
   227 | D:1      | Reached XP level 2. HP: 25/26 MP: 7/7
   352 | D:1      | HP: 1/26 [jackal (2)]
   678 | D:1      | Reached XP level 3. HP: 31/31 MP: 9/9
   826 | D:1      | Reached skill level 5 in Spellcasting
  1224 | D:2      | Reached skill level 1 in Invocations
  1462 | D:2      | Reached skill level 1 in Short Blades
  1462 | D:2      | Reached skill level 1 in Long Blades
  1462 | D:2      | Reached skill level 1 in Axes
  1462 | D:2      | Reached skill level 1 in Maces & Flails
  1462 | D:2      | Reached skill level 1 in Staves
  1462 | D:2      | Reached skill level 1 in Slings
  1462 | D:2      | Reached skill level 1 in Bows
  1462 | D:2      | Reached skill level 1 in Crossbows
  1462 | D:2      | Reached skill level 1 in Stealth
  1462 | D:2      | Reached skill level 1 in Shields
  1462 | D:2      | Reached skill level 1 in Unarmed Combat
  1462 | D:2      | Reached skill level 1 in Evocations
  1912 | D:2      | Reached XP level 4. HP: 38/38 MP: 11/11
  2468 | D:2      | Slain by a worm

Illustrated notes

Levels and vault maps discovered:
D:1:      dpeg_arrival_long_road, layout_rooms, roderic_serpentine_path
D:2:      layout_loops_ring, minmay_misc_feat_roman
D:3:      layout_rooms, nicolae_dithmenos_shadow_blocks,
          minmay_misc_feat_columns, kennysheep_generic_room_4

Skill      XL: |  1  2  3 |
---------------+----------+-----
Spellcasting   | 5 |  5.1
Invocations    | 1 |  1.2
Short Blades   | 1 |  1.1
Long Blades    | 1 |  1.1
Axes           | 1 |  1.1
Maces & Flails | 1 |  1.1
Staves         | 1 |  1.1
Slings         | 1 |  1.1
Bows           | 1 |  1.1
Crossbows      | 1 |  1.1
Stealth        | 1 |  1.1
Shields        | 1 |  1.1
Unarmed Combat | 1 |  1.1
Evocations     | 1 |  1.1
Fighting       | |  4.6
Polearms       | |  4.6
Throwing       | |  2.7
Armour         | |  2.7
Dodging        | |  4.6
Conjurations   | |  0.9
Hexes          | |  0.9
Summonings     | |  0.9
Necromancy     | |  0.9
Translocations | |  5.4
Transmutations | |  0.9
Fire Magic     | |  0.9
Ice Magic      | |  0.9
Air Magic      | |  0.9
Earth Magic    | |  0.9
Poison Magic   | |  0.9

Action                   |  1- 3 |  4- 6 || total
-------------------------+-------+-------++-------
Melee: Spear             |   134 |    74 ||   208
       Bite              |    10 |     7 ||    17
 Stab: Sleeping          |     5 |       ||     5
Armor: Leather armour    |    21 |     1 ||    22
       Chain mail        |       |    35 ||    35
Dodge: Dodged            |    93 |    28 ||   121
Block: Buckler           |       |     6 ||     6

Table legend: (Time is in decaauts)
 A = Elapsed time spent in this place.
 B = Non-inter-level travel time spent in this place.
 C = Inter-level travel time spent in this place.
 D = Time resting spent in this place.
 E = Time spent auto-exploring this place.
 F = Levels seen in this place.
 G = Mean time per level.
                   A        B        C        D        E       F      G
               +--------+--------+--------+--------+--------+-----+--------+
         Total |   2443 |   2369 |     74 |    941 |    728 |   3 |  814.3 |
       Dungeon |   2443 |   2369 |     74 |    941 |    728 |   3 |  814.3 |
               +--------+--------+--------+--------+--------+-----+--------+

Top non-repeatable levels by time:
     D:2: 1220 daAuts
     D:1: 1196 daAuts
     D:3: 27 daAuts
